Map: King Sejong Station LE

Players

Neeb

  • Race: Protoss Protoss

uThermal - Winner!

  • Race: Terran Terran

Event: 2016 WCS Summer Circuit Championship (DH Montreal)

VOD

Have the link to the VOD?

Description

Time

  • Played on: Aug. 13, 2016, 1:47 p.m.
  • Length: 11:24

All games in this series

Show
View Real Time Build Order
Export as new Build Order

Neeb Protoss 

Build Orders: 1 Gate Expand, Oracle Opening 

Get SALT Encoding   

  12  0:00  Probe (Chrono Boost)  
  13  0:11  Probe (Chrono Boost)  
  14  0:17  Pylon  
  14  0:22  Probe (Chrono Boost)  
  15  0:35  Probe (Chrono Boost), Gateway  
  16  0:46  Probe (Chrono Boost)  
  17  0:54  Assimilator  
  17  0:56  Probe (Chrono Boost)  
  18  1:07  Probe (Chrono Boost)  
  19  1:20  Nexus  
  19  1:23  Probe (Chrono Boost)  
  20  1:32  Cybernetics Core  
  20  1:35  Probe (Chrono Boost)  
  21  1:40  Assimilator  
  21  1:45  Probe (Chrono Boost)  
  22  1:52  Pylon  
  22  1:56  Probe (Chrono Boost)  
  23  2:06  Adept  
  23  2:09  Warp Gate  
  23  2:11  Probe (Chrono Boost)  
  27  2:24  Probe (Chrono Boost)  
  27  2:31  Adept, Stargate  
  27  2:32  Probe (Chrono Boost)  
  27  2:36  Probe (Chrono Boost)  
  31  2:43  Probe (Chrono Boost)  
  32  2:48  Probe (Chrono Boost)  
  33  2:53  Probe (Chrono Boost)  
  35  2:58  Probe (Chrono Boost), Adept  
  35  3:03  Pylon  
  35  3:04  Probe (Chrono Boost)  
  38  3:09  Probe (Chrono Boost)  
  38  3:10  Oracle  
  39  3:14  Probe (Chrono Boost)  
  43  3:22  Probe (Chrono Boost)  
  43  3:25  Probe (Chrono Boost)  
  45  3:31  Pylon  
  45  3:34  Probe (Chrono Boost)  
  46  3:35  Probe (Chrono Boost)  
  47  3:41  Oracle, Gateway  
  47  3:43  Gateway  
  47  3:46  Probe x2 (Chrono Boost)  
  52  3:56  Probe (Chrono Boost)  
  52  3:58  Probe (Chrono Boost), Assimilator  
  52  4:00  Robotics Facility, Assimilator  
  54  4:06  Pylon  
  54  4:07  Probe (Chrono Boost)  
  56  4:10  Probe (Chrono Boost)  
  54  4:18  Probe (Chrono Boost), Phoenix  
  54  4:22  Probe (Chrono Boost)  
  54  4:28  Probe (Chrono Boost)  
  55  4:31  Pylon  
  55  4:33  Pylon  
  55  4:34  Probe (Chrono Boost)  
  56  4:39  Mothership Core (Chrono Boost)  
  56  4:42  Adept x3  
  64  4:45  Pylon  
  64  4:49  Probe (Chrono Boost)  
  65  4:54  Nexus  
  65  4:57  Observer  
  66  5:00  Twilight Council  
  66  5:03  Probe (Chrono Boost)  
  66  5:04  Probe (Chrono Boost)  
  66  5:06  Sentry  
  69  5:15  Probe (Chrono Boost)  
  69  5:16  Probe (Chrono Boost)  
  69  5:18  Adept x2  
  74  5:22  Forge  
  74  5:27  Probe (Chrono Boost)  
  74  5:28  Probe (Chrono Boost), Blink  
  76  5:34  Stalker  
  78  5:38  Probe (Chrono Boost)  
  78  5:40  Probe (Chrono Boost)  
  78  5:41  Protoss Ground Weapons Level 1  
  80  5:48  Probe (Chrono Boost)  
  80  5:49  Observer  
  82  5:51  Stalker  
  82  5:52  Stalker  
  82  5:55  Probe (Chrono Boost)  
  87  6:00  Probe (Chrono Boost)  
  88  6:07  Probe (Chrono Boost)  
  88  6:09  Probe (Chrono Boost)  
  95  6:12  Probe (Chrono Boost)  
  95  6:14  Pylon  
  95  6:15  Warp Prism  
  94  6:19  Probe (Chrono Boost)  
  94  6:20  Probe (Chrono Boost)  
  94  6:24  Probe (Chrono Boost)  
  96  6:26  Pylon  
  96  6:32  Probe (Chrono Boost), Pylon  
  97  6:33  Probe (Chrono Boost)  
  97  6:36  Probe (Chrono Boost)  
  99  6:40  Assimilator  
  99  6:41  Assimilator  
  99  6:43  Forge  
  99  6:44  Probe (Chrono Boost)  
  100  6:47  Gateway  
  100  6:50  Probe (Chrono Boost), Gateway  
  100  6:53  Gateway  
  101  6:56  Gateway  
  101  6:58  Immortal, Gateway  
  105  7:02  Sentry x2  
  105  7:03  Stalker  
  111  7:10  Pylon x2  
  111  7:12  Photon Cannon  
  111  7:20  Protoss Ground Weapons Level 2  
  111  7:21  Protoss Ground Armor Level 1, Resonating Glaives  
  109  7:31  Stalker x3  
  109  7:35  Pylon  
  114  7:37  Immortal  
  114  7:42  Probe x2 (Chrono Boost)  
  115  7:46  Probe (Chrono Boost)  
  115  7:50  Pylon  
  116  7:52  Pylon  
  116  7:54  Probe (Chrono Boost)  
  116  7:57  Stalker x4  
  123  8:10  Photon Cannon  
  123  8:11  Pylon  
  123  8:15  Adept x3  
  123  8:16  Adept, Warp Prism  
  133  8:27  Pylon  
  133  8:33  Stalker x4  
  141  8:48  Sentry x3  
  139  8:55  Nexus  
  141  8:58  Robotics Facility  
  141  8:59  Robotics Bay  
  141  9:02  Adept  
  141  9:03  Adept x3  
  141  9:08  Pylon  
  149  9:11  Stalker  
  149  9:18  Stalker  
  149  9:19  Stalker  
  135  9:33  Stalker x3  
  132  9:48  Warp Prism  
  132  9:49  Colossus  
  138  9:54  Probe (Chrono Boost)  
  138  9:56  Probe (Chrono Boost)  
  138  9:57  Probe (Chrono Boost)  
  140  10:01  Adept x2  
  144  10:09  Adept x2  
  144  10:10  Adept, Sentry  
  144  10:11  Sentry  
  154  10:15  Stalker  
  155  10:24  Stalker x2  
  135  10:38  Adept x4  
  137  10:47  Adept, Stalker x2  
  137  10:48  Stalker  
  119  11:04  Stalker x3  
Show
View Real Time Build Order
Export as new Build Order

uThermal Terran - Winner!

Build Orders: MMM Bio 

Get SALT Encoding   

  12  0:01  SCV  
  13  0:13  SCV  
  14  0:18  Supply Depot  
  14  0:25  SCV  
  15  0:39  SCV  
  15  0:40  Barracks  
  16  0:44  Refinery  
  16  0:51  SCV  
  17  1:03  SCV  
  18  1:16  SCV  
  19  1:27  Barracks Reactor  
  19  1:28  Orbital Command  
  19  1:42  Command Center  
  19  1:53  SCV  
  20  2:01  Supply Depot  
  20  2:04  Marine x2  
  20  2:07  SCV  
  23  2:17  Factory  
  23  2:22  SCV  
  24  2:23  Marine  
  24  2:25  Marine  
  26  2:34  SCV  
  26  2:35  Refinery  
  27  2:41  Marine  
  27  2:43  Marine  
  29  2:46  SCV  
  30  2:54  Orbital Command  
  30  2:58  SCV  
  30  3:00  Starport  
  30  3:02  Widow Mine  
  33  3:06  Marine  
  33  3:09  Marine  
  35  3:13  SCV  
  36  3:20  SCV  
  36  3:25  SCV  
  38  3:27  Marine x2  
  38  3:32  SCV  
  38  3:33  Supply Depot  
  41  3:36  Widow Mine  
  41  3:37  Medivac  
  41  3:40  SCV  
  45  3:44  SCV  
  46  3:54  Marine x2  
  46  3:55  SCV  
  49  3:56  Supply Depot  
  49  3:57  Barracks  
  49  3:58  SCV  
  50  4:06  Factory Tech Lab  
  50  4:07  SCV  
  50  4:10  Liberator  
  50  4:12  Marine  
  45  4:17  SCV  
  45  4:19  SCV  
  45  4:21  Marine  
  46  4:29  SCV  
  50  4:31  SCV  
  50  4:36  Marine  
  51  4:41  SCV  
  51  4:44  SCV  
  53  4:45  Command Center  
  53  4:52  Factory Tech Lab  
  53  4:54  Barracks  
  53  4:55  SCV  
  53  4:57  Stimpack  
  53  4:59  Marine  
  55  5:01  Marine x2  
  55  5:04  SCV  
  58  5:11  SCV  
  58  5:12  Supply Depot  
  59  5:16  Starport Reactor, SCV  
  60  5:23  SCV  
  60  5:24  Marine  
  60  5:25  Marine  
  60  5:27  Marine  
  62  5:29  SCV  
  62  5:31  Engineering Bay  
  62  5:34  Bunker  
  61  5:36  SCV, Refinery  
  61  5:38  Refinery  
  62  5:43  SCV  
  62  5:49  Combat Shields  
  63  5:50  Marine, Marauder x2  
  63  5:56  Supply Depot  
  63  5:57  SCV  
  69  6:01  Medivac  
  69  6:02  Medivac  
  73  6:04  Terran Infantry Weapons Level 1  
  73  6:09  Marine  
  75  6:11  Marauder  
  75  6:13  Missile Turret  
  75  6:14  SCV  
  75  6:15  SCV  
  78  6:19  Marine x2  
  78  6:22  Factory Reactor  
  80  6:26  Orbital Command  
  80  6:30  SCV  
  80  6:31  Marine  
  81  6:33  Marine  
  81  6:36  SCV  
  81  6:39  Medivac x2  
  87  6:43  Marine  
  87  6:44  Marine  
  87  6:45  Supply Depot  
  89  6:49  SCV  
  89  6:51  SCV  
  91  6:56  Marine  
  91  6:57  Supply Depot  
  92  7:01  Marine  
  92  7:03  Bunker  
  92  7:06  Supply Depot  
  92  7:07  Marauder, Marine, SCV x2  
  98  7:11  Supply Depot  
  98  7:14  SCV  
  99  7:22  SCV  
  100  7:23  Barracks  
  100  7:24  Barracks  
  100  7:25  Marauder  
  100  7:26  Marine  
  100  7:28  Marauder  
  104  7:30  Liberator x2  
  104  7:32  Widow Mine, SCV x2  
  104  7:33  Widow Mine  
  104  7:34  SCV  
  111  7:39  Supply Depot  
  111  7:41  Marine  
  109  7:46  Marauder  
  109  7:49  SCV  
  119  7:52  Supply Depot  
  119  7:54  SCV  
  119  7:55  Supply Depot  
  119  7:58  Terran Infantry Armor Level 1  
  119  8:01  Widow Mine x2, Marine x2  
  119  8:02  Marauder  
  127  8:09  Missile Turret  
  127  8:10  Missile Turret  
  127  8:12  Barracks Tech Lab  
  127  8:13  Supply Depot x2, Barracks Reactor  
  127  8:14  SCV  
  127  8:15  SCV  
  127  8:18  Marine  
  127  8:19  Marine  
  131  8:20  Liberator x2  
  131  8:21  SCV  
  131  8:26  Marine  
  133  8:27  Barracks  
  133  8:29  Barracks  
  130  8:38  Marine x2  
  130  8:39  Marine, Marauder  
  141  8:44  Marine  
  141  8:47  Widow Mine  
  138  8:48  Widow Mine  
  138  8:51  Marine  
  141  8:56  Marine, SCV  
  141  8:57  Refinery, Marauder  
  141  9:00  Armory  
  141  9:01  Marine x2  
  141  9:02  Marauder  
  149  9:03  Liberator x2  
  149  9:06  Supply Depot  
  149  9:08  Supply Depot  
  145  9:20  Marine  
  145  9:21  Marine, Marauder  
  153  9:25  Marine  
  153  9:27  Supply Depot  
  153  9:28  Supply Depot  
  146  9:36  Widow Mine x2  
  146  9:37  Marine  
  146  9:38  Marine x2, Marauder x2  
  150  9:46  Liberator, Marine  
  150  9:47  Marauder  
  150  9:49  Liberator  
  150  9:51  Barracks Tech Lab, Barracks Reactor  
  151  9:56  Marine  
  151  9:57  SCV  
  151  9:59  Marauder  
  155  10:05  Widow Mine  
  155  10:06  Marine  
  161  10:07  Marine  
  161  10:08  Marine  
  161  10:12  Marine  
  164  10:16  Marine  
  164  10:17  Marauder  
  162  10:27  Marine x2, Marauder  
  162  10:28  Marauder  
  162  10:31  Marine, Marauder  
  159  10:37  Marine x2  
  159  10:39  Widow Mine  
  155  10:46  Marine  
  155  10:49  Widow Mine  
  161  10:54  Marine, Marauder  
  159  11:03  Command Center  
Tags
 
Add a new tag
Caveats
  • Supply blocks, unpowered buildings, or Contaminate may cause inaccurate times.
  • Supply counts are checked every 10 seconds.